Blue Jackets vs Canucks
Created - April 7, 2021 at 19:33
Goals
|
| Blue Jackets |
1 |
1 |
0 |
2 |
| Canucks |
0 |
3 |
1 |
4 |
|
Shots
|
| Blue Jackets |
12 |
12 |
7 |
31 |
| Canucks |
8 |
18 |
9 |
35 |
|
1st period
1. Blue Jackets , Artemi Panarin 44 (Devin Setoguchi 39, Tyler Seguin 54) at 5:15
Penalties :
Ladislav Smid (Van) for Hooking (Minor) at 8:45
2nd period
2. Blue Jackets , Artemi Panarin 45 (Tyler Seguin 55) at 1:06
3. Canucks , Cody Eakin 8 (Jeremy Morin 17, Jordin Tootoo 4) at 14:06
4. Canucks , Loui Eriksson 20 (Kurtis Foster 8) at 16:12
5. Canucks , Ladislav Smid 6 (Daniel Sedin 13, Kari Lehtonen) at 16:52 (PP)
Penalties :
Martin Havlat (Clb) for Hooking (Minor) at 3:05, Jason Akeson (Van) for Interference (Minor) at 8:21, Mike Lundin (Clb) for Holding (Minor) at 16:42, Rob Scuderi (Clb) for Interference (Minor) at 18:43
3rd period
6. Canucks , James Wright 12 (Kurtis Foster 9) at 6:00
Penalties :
Loui Eriksson (Van) for Slashing (Minor) at 3:22, Devin Setoguchi (Clb) for High sticking (Minor) at 7:43, Martin Havlat (Clb) for Hooking (Minor) at 10:58, Kari Lehtonen (Van) for Delaying the game (Minor) at 11:44 - Mike Komisarek served the penalty, Andy Rogers (Van) for High sticking (Minor) at 14:10
Goalie Stats
Rick DiPietro (Clb), 31 saves from 35 shots - (0.886), L, 18-22-3, 60:00 minutes
Kari Lehtonen (Van), 29 saves from 31 shots - (0.935), W, 22-19-2, 60:00 minutes
Players Stats for Blue Jackets
Player Name G A P +/- PIM S H SB GA TA FO MP PP MP PK MP
------------------------------------------------------------------------------------
Andreas Nodl 0 0 0 -2 0 1 0 0 0 0 0/0 7:45 0:33 0:00
Artemi Panarin 2 0 2 2 0 5 2 0 5 0 0/1 22:00 3:56 4:40
Brandon Bollig 0 0 0 -2 0 2 2 0 0 0 0/0 7:00 0:00 0:00
Branislav Mezei 0 0 0 -1 0 3 0 0 0 0 0/0 11:36 0:00 0:00
Cam Fowler 0 0 0 -2 0 1 4 1 0 1 0/0 29:26 5:04 5:14
Christian Hanson 0 0 0 -2 0 0 0 0 0 0 3/4 7:00 0:00 0:00
Cody Hodgson 0 0 0 -1 0 2 0 0 0 1 5/13 17:42 3:37 1:33
Dalton Prout 0 0 0 2 0 0 1 2 0 1 0/0 18:58 3:38 1:39
Devin Setoguchi 0 1 1 2 2 2 0 0 0 0 1/2 16:06 4:20 0:00
Eric Wellwood 0 0 0 0 0 2 0 2 0 0 1/1 11:49 0:00 0:40
Martin Havlat 0 0 0 -1 4 3 1 0 0 0 1/1 16:45 3:37 0:00
Max Pacioretty 0 0 0 -1 0 2 3 0 1 0 0/1 19:20 3:49 2:13
Mike Lundin 0 0 0 -2 2 0 1 2 0 0 0/0 29:15 5:04 5:04
Pavel Datsyuk 0 0 0 0 0 4 0 1 1 1 4/7 12:27 1:09 0:00
Rob Scuderi 0 0 0 2 2 0 2 1 0 0 0/0 18:36 3:38 1:00
Ryan Wilson 0 0 0 -1 0 0 0 0 0 1 0/0 12:25 0:00 0:49
Tyler Kennedy 0 0 0 0 0 0 1 0 0 1 0/0 12:02 0:45 0:00
Tyler Seguin 0 2 2 2 0 4 1 1 0 0 16/31 21:37 4:20 4:40
Players Stats for Canucks
Player Name G A P +/- PIM S H SB GA TA FO MP PP MP PK MP
------------------------------------------------------------------------------------
Andy Rogers 0 0 0 0 2 1 0 0 1 0 0/0 26:44 4:21 3:23
Brad Boyes 0 0 0 1 0 7 2 1 0 0 1/1 14:25 0:00 2:19
Cody Eakin 1 0 1 1 0 5 0 0 0 1 5/12 15:51 2:36 0:58
Daniel Sedin 0 1 1 -1 0 2 4 0 0 1 1/1 18:41 4:17 1:57
James Wright 1 0 1 1 0 3 0 0 0 0 3/4 11:10 0:00 0:00
Jason Akeson 0 0 0 0 2 1 1 1 0 0 0/0 6:21 0:00 0:00
Jeremy Morin 0 1 1 1 0 0 1 1 0 0 0/0 14:53 2:36 0:00
Jonathan Blum 0 0 0 0 0 0 1 3 0 1 0/0 13:32 0:00 0:57
Jordin Tootoo 0 1 1 1 0 2 0 1 1 0 1/1 18:29 2:36 2:19
Kurtis Foster 0 2 2 1 0 1 0 1 2 2 0/0 21:31 2:32 4:33
Ladislav Smid 1 0 1 0 2 2 1 1 0 2 0/0 27:24 4:21 3:38
Lane MacDermid 0 0 0 0 0 0 0 0 0 0 0/0 6:45 0:00 0:44
Loui Eriksson 1 0 1 -1 2 1 1 0 1 0 0/2 20:43 4:17 3:08
Mike Komisarek 0 0 0 1 0 0 0 3 0 0 0/0 18:38 2:32 2:45
Olli Maatta 0 0 0 0 0 3 0 0 0 0 0/0 13:43 0:00 2:08
Rob Schremp 0 0 0 0 0 1 0 0 0 0 1/5 8:43 0:00 1:56
Robert Nilsson 0 0 0 -1 0 3 0 1 0 0 18/35 21:39 4:17 4:03
Ryane Clowe 0 0 0 1 0 3 1 0 1 0 0/0 10:49 0:00 0:00
3 Stars
1 - Artemi Panarin (Clb)
2 - Kurtis Foster (Van)
3 - Tyler Seguin (Clb)
Power Play
Blue Jackets - 0 on 5 Attempt(s) - 0.00%
Canucks - 1 on 5 Attempt(s) - 20.00%
Penalty Kill
Blue Jackets - 4 on 5 Attempt(s) - 80.00%
- Score 0 goal in Penalty Kill
Canucks - 5 on 5 Attempt(s) - 100.00%
- Score 0 goal in Penalty Kill
Team Stat
Blue Jackets - Hits : 18 - Faceoff Wins : 31 - Blocked Shots : 10 - Penalty Minutes : 10
Canucks - Hits : 12 - Faceoff Wins : 30 - Blocked Shots : 13 - Penalty Minutes : 10
Official
Referees : Unknown
Linesman : Unknown
Game Notes
No Game Note
Finance
Level 1 -- Attendance: 6000 (100.00%) -- Ticket Income $498,000
Level 2 -- Attendance: 5000 (100.00%) -- Ticket Income $245,000
Level 3 -- Attendance: 2000 (100.00%) -- Ticket Income $68,000
Level 4 -- Attendance: 4000 (100.00%) -- Ticket Income $68,000
Luxury Box -- Attendance: 1000 (100.00%) -- Ticket Income $98,000
Game was played at the Budweiser Coliseum.
Total Attendance: 18000 (100.00%)
Total Ticket Income: $977,000
Other Income: $146,550
Total Income: $1,123,550
Blue Jackets
5 vs 5 Forward
Center Left Wing Right Wing Time % Phy DF OF
1 Tyler Seguin Artemi Panarin Devin Setoguchi 40 1 2 2
2 Cody Hodgson Max Pacioretty Martin Havlat 30 1 2 2
3 Pavel Datsyuk Eric Wellwood Tyler Kennedy 20 1 2 2
4 Christian Hanson Brandon Bollig Andreas Nodl 10 1 2 2
5 vs 5 Defense
Defense Defense Time % Phy DF OF
1 Cam Fowler Mike Lundin 40 1 2 2
2 Dalton Prout Rob Scuderi 30 1 2 2
3 Branislav Mezei Ryan Wilson 20 1 2 2
4 Cam Fowler Mike Lundin 10 1 2 2
PowerPlay Forward
Center Left Wing Right Wing Time % Phy DF OF
1 Tyler Seguin Artemi Panarin Devin Setoguchi 60 1 2 2
2 Cody Hodgson Max Pacioretty Martin Havlat 40 1 2 2
PowerPlay Defense
Defense Defense Time % Phy DF OF
1 Cam Fowler Mike Lundin 60 1 2 2
2 Dalton Prout Rob Scuderi 40 1 2 2
Penalty Kill 4 Players Forward
Center Wing Time % Phy DF OF
1 Tyler Seguin Artemi Panarin 60 1 2 2
2 Max Pacioretty Cody Hodgson 40 1 2 2
Penalty Kill 4 Players Defense
Defense Defense Time % Phy DF OF
1 Cam Fowler Mike Lundin 60 1 2 2
2 Dalton Prout Rob Scuderi 40 1 2 2
Penalty Kill - 3 Players Forward
Forward Time % Phy DF OF
1 Tyler Seguin 60 1 2 2
2 Artemi Panarin 40 1 2 2
Penalty Kill - 3 Players Defense
Defense Defense Time % Phy DF OF
1 Cam Fowler Mike Lundin 60 1 2 2
2 Dalton Prout Rob Scuderi 40 1 2 2
4 vs 4 Forward
Center Wing Time % Phy DF OF
1 Tyler Seguin Artemi Panarin 60 1 2 2
2 Max Pacioretty Cody Hodgson 40 1 2 2
4 vs 4 Defense
Defense Defense Time % Phy DF OF
1 Cam Fowler Mike Lundin 60 1 2 2
2 Dalton Prout Rob Scuderi 40 1 2 2
Last Minutes Offensive
Center Left Wing Right Wing Defense Defense
Tyler Seguin Artemi Panarin Devin Setoguchi Cam Fowler Mike Lundin
Last Minutes Defensive
Center Left Wing Right Wing Defense Defense
Tyler Seguin Artemi Panarin Devin Setoguchi Cam Fowler Mike Lundin
Goaltenders
Starting : Rick DiPietro
Backup : Thomas Greiss
Extra Forwards
Normal : Pavel Datsyuk, Tyler Kennedy, Eric Wellwood - PP : Pavel Datsyuk, Tyler Kennedy - PK : Eric Wellwood
Extra Defensemen
Normal : Branislav Mezei, Ryan Wilson, Dalton Prout - PP : Branislav Mezei - PK : Ryan Wilson, Dalton Prout
Penalty Shots
Tyler Seguin, Artemi Panarin, Max Pacioretty, Cody Hodgson, Devin Setoguchi
Scratches
Anthony Stewart (Healthy), Dennis Wideman (Fractured Bone in Left Hand Injury), Timothy Kunes (Healthy), Andrei Vasilevskiy (Healthy)
Canucks
5 vs 5 Forward
Center Left Wing Right Wing Time % Phy DF OF
1 Robert Nilsson Daniel Sedin Loui Eriksson 40 1 2 2
2 Cody Eakin Jeremy Morin Jordin Tootoo 30 1 2 2
3 James Wright Ryane Clowe Brad Boyes 20 1 2 2
4 Rob Schremp Lane MacDermid Jason Akeson 10 1 2 2
5 vs 5 Defense
Defense Defense Time % Phy DF OF
1 Ladislav Smid Andy Rogers 40 1 2 2
2 Kurtis Foster Mike Komisarek 30 1 2 2
3 Jonathan Blum Olli Maatta 20 1 2 2
4 Ladislav Smid Andy Rogers 10 1 2 2
PowerPlay Forward
Center Left Wing Right Wing Time % Phy DF OF
1 Robert Nilsson Daniel Sedin Loui Eriksson 60 1 2 2
2 Cody Eakin Jeremy Morin Jordin Tootoo 40 1 2 2
PowerPlay Defense
Defense Defense Time % Phy DF OF
1 Ladislav Smid Andy Rogers 60 1 2 2
2 Kurtis Foster Mike Komisarek 40 1 2 2
Penalty Kill 4 Players Forward
Center Wing Time % Phy DF OF
1 Robert Nilsson Loui Eriksson 60 1 2 2
2 Jordin Tootoo Brad Boyes 40 1 2 2
Penalty Kill 4 Players Defense
Defense Defense Time % Phy DF OF
1 Ladislav Smid Andy Rogers 60 1 2 2
2 Kurtis Foster Mike Komisarek 40 1 2 2
Penalty Kill - 3 Players Forward
Forward Time % Phy DF OF
1 Robert Nilsson 60 1 2 2
2 Loui Eriksson 40 1 2 2
Penalty Kill - 3 Players Defense
Defense Defense Time % Phy DF OF
1 Ladislav Smid Andy Rogers 60 1 2 2
2 Kurtis Foster Mike Komisarek 40 1 2 2
4 vs 4 Forward
Center Wing Time % Phy DF OF
1 Robert Nilsson Loui Eriksson 60 1 2 2
2 Jordin Tootoo Brad Boyes 40 1 2 2
4 vs 4 Defense
Defense Defense Time % Phy DF OF
1 Ladislav Smid Andy Rogers 60 1 2 2
2 Kurtis Foster Mike Komisarek 40 1 2 2
Last Minutes Offensive
Center Left Wing Right Wing Defense Defense
Robert Nilsson Daniel Sedin Loui Eriksson Ladislav Smid Andy Rogers
Last Minutes Defensive
Center Left Wing Right Wing Defense Defense
Robert Nilsson Daniel Sedin Loui Eriksson Ladislav Smid Andy Rogers
Goaltenders
Starting : Kari Lehtonen
Backup : Braden Holtby
Extra Forwards
Normal : Jason Akeson, James Wright, Rob Schremp - PP : Jason Akeson, James Wright - PK : Rob Schremp
Extra Defensemen
Normal : Jonathan Blum, Olli Maatta, Kurtis Foster - PP : Jonathan Blum - PK : Olli Maatta, Kurtis Foster
Penalty Shots
Robert Nilsson, Loui Eriksson, Jordin Tootoo, Brad Boyes, Daniel Sedin
Scratches
Brooks Laich (Healthy), Steve Eminger (Healthy), Benn Ferriero (Healthy)
% Time on Ice - Blue Jackets
Lines # - Real PCT - Wanted PCT - Time Play
Normal Forward
1 - 30% - 40% - 12:57
2 - 30% - 30% - 12:47
3 - 24% - 20% - 10:28
4 - 16% - 10% - 7:00
Normal Defense
1 - 38% - 40% - 16:27
2 - 31% - 30% - 13:30
3 - 27% - 20% - 11:36
4 - 4% - 10% - 1:39
PP Forward
1 - 51% - 60% - 4:27
2 - 49% - 40% - 4:15
PP Defense
1 - 58% - 60% - 5:04
2 - 42% - 40% - 3:38
PK Forward
1 - 77% - 60% - 5:20
2 - 23% - 40% - 1:33
PK Defense
1 - 76% - 60% - 5:14
2 - 24% - 40% - 1:39
PK3 Forward
1 - 0% - 60%
2 - 0% - 40%
PK3 Defense
1 - 0% - 60%
2 - 0% - 40%
44 Forward
1 - 96% - 60% - 1:10
2 - 4% - 40% - 0:03
44 Defense
1 - 85% - 60% - 1:02
2 - 15% - 40% - 0:11
Last Minute Offensive - 0:00
Last Minute Defensive - 0:00
Total
Forward - 60:00
Defense - 60:00
|
% Time on Ice - Canucks
Lines # - Real PCT - Wanted PCT - Time Play
Normal Forward
1 - 30% - 40% - 12:50
2 - 31% - 30% - 13:32
3 - 25% - 20% - 10:49
4 - 14% - 10% - 6:01
Normal Defense
1 - 39% - 40% - 16:45
2 - 30% - 30% - 13:10
3 - 26% - 20% - 11:19
4 - 5% - 10% - 1:58
PP Forward
1 - 62% - 60% - 4:17
2 - 38% - 40% - 2:36
PP Defense
1 - 63% - 60% - 4:21
2 - 37% - 40% - 2:32
PK Forward
1 - 73% - 60% - 6:23
2 - 27% - 40% - 2:19
PK Defense
1 - 60% - 60% - 5:11
2 - 40% - 40% - 3:31
PK3 Forward
1 - 0% - 60%
2 - 0% - 40%
PK3 Defense
1 - 0% - 60%
2 - 0% - 40%
44 Forward
1 - 95% - 60% - 1:09
2 - 5% - 40% - 0:04
44 Defense
1 - 75% - 60% - 0:55
2 - 25% - 40% - 0:18
Last Minute Offensive - 0:00
Last Minute Defensive - 0:00
Total
Forward - 60:00
Defense - 60:00
|
Play-by-Play
1st period
0:01 of 1st period - Tyler Seguin wins face-off versus Robert Nilsson in neutral zone.
0:49 of 1st period - Wrist shot by Pavel Datsyuk.
0:49 of 1st period - Stopped by Kari Lehtonen without a rebound.
0:50 of 1st period - James Wright wins face-off versus Pavel Datsyuk in Canucks zone.
0:55 of 1st period - Backhand shot by Ryane Clowe.
0:55 of 1st period - Shot Blocked by Eric Wellwood.
1:15 of 1st period - Wrist shot by Ryane Clowe.
1:15 of 1st period - Stopped by Rick DiPietro without a rebound.
1:16 of 1st period - Robert Nilsson wins face-off versus Christian Hanson in Blue Jackets zone.
1:31 of 1st period - Snap shot by Loui Eriksson.
1:31 of 1st period - Shot Misses the Net.
2:24 of 1st period - Snap shot by Cody Hodgson.
2:24 of 1st period - Shot Misses the Net.
2:26 of 1st period - Wrist shot by Branislav Mezei.
2:26 of 1st period - Stopped by Kari Lehtonen without a rebound.
2:27 of 1st period - Pavel Datsyuk wins face-off versus James Wright in Canucks zone.
4:57 of 1st period - Off-side.
4:58 of 1st period - Devin Setoguchi wins face-off versus Robert Nilsson in neutral zone.
5:15 of 1st period - Slapshot by Artemi Panarin.
5:15 of 1st period - Goal by Artemi Panarin - Blue Jackets : 1 - Canucks : 0.
5:16 of 1st period - Robert Nilsson wins face-off versus Tyler Seguin in neutral zone.
5:43 of 1st period - Jeremy Morin is hit by Cam Fowler and loses puck.
6:31 of 1st period - Snap shot by Artemi Panarin.
6:31 of 1st period - Shot Hit the Post.
6:45 of 1st period - Mike Lundin is hit by Daniel Sedin.
6:49 of 1st period - Mike Komisarek is hit by Brandon Bollig and loses puck.
7:17 of 1st period - Wrist shot by Jeremy Morin.
7:17 of 1st period - Shot Blocked by Cam Fowler.
7:19 of 1st period - Slapshot by Kurtis Foster.
7:19 of 1st period - Shot Blocked by Mike Lundin.
7:31 of 1st period - Olli Maatta is hit by Mike Lundin and loses puck.
8:42 of 1st period - Slapshot by Cody Hodgson.
8:42 of 1st period - Stopped by Kari Lehtonen without a rebound.
8:43 of 1st period - Cody Eakin wins face-off versus Tyler Seguin in Canucks zone.
8:45 of 1st period - Minor Penalty to Ladislav Smid for Hooking.
8:46 of 1st period - Robert Nilsson wins face-off versus Tyler Seguin in Canucks zone.
10:02 of 1st period - Icing by Cody Hodgson.
10:03 of 1st period - Jordin Tootoo wins face-off versus Cody Hodgson in Blue Jackets zone.
10:06 of 1st period - Wrist shot by Brad Boyes.
10:06 of 1st period - Stopped by Rick DiPietro with a rebound.
10:45 of 1st period - Penalty to Ladislav Smid is over, Ladislav Smid is back on ice.
11:00 of 1st period - Wrist shot by Eric Wellwood.
11:00 of 1st period - Stopped by Kari Lehtonen with a rebound.
11:02 of 1st period - Slapshot by Branislav Mezei.
11:02 of 1st period - Stopped by Kari Lehtonen with a rebound.
11:18 of 1st period - Wrist shot by Andreas Nodl.
11:18 of 1st period - Shot Blocked by Brad Boyes.
11:20 of 1st period - Snap shot by Brandon Bollig.
11:20 of 1st period - Stopped by Kari Lehtonen with a rebound.
11:36 of 1st period - Wrist shot by Mike Komisarek.
11:36 of 1st period - Shot Blocked by Dalton Prout.
12:22 of 1st period - Snap shot by Jason Akeson.
12:22 of 1st period - Stopped by Rick DiPietro without a rebound.
12:23 of 1st period - Christian Hanson wins face-off versus Rob Schremp in Blue Jackets zone.
12:32 of 1st period - Andreas Nodl is hit by Jason Akeson and loses puck.
12:49 of 1st period - Olli Maatta is hit by Artemi Panarin and loses puck.
13:08 of 1st period - Slapshot by Brad Boyes.
13:08 of 1st period - Shot Misses the Net.
13:47 of 1st period - Slapshot by Cody Eakin.
13:47 of 1st period - Stopped by Rick DiPietro without a rebound.
13:48 of 1st period - Pavel Datsyuk wins face-off versus Cody Eakin in Blue Jackets zone.
14:05 of 1st period - Snap shot by Pavel Datsyuk.
14:05 of 1st period - Shot Misses the Net.
14:39 of 1st period - Slapshot by Cody Eakin.
14:39 of 1st period - Shot Blocked by Pavel Datsyuk.
14:41 of 1st period - Wrist shot by Jeremy Morin.
14:41 of 1st period - Shot Misses the Net.
14:43 of 1st period - Wrist shot by Olli Maatta.
14:43 of 1st period - Stopped by Rick DiPietro with a rebound.
14:45 of 1st period - Wrist shot by Olli Maatta.
14:45 of 1st period - Stopped by Rick DiPietro with a rebound.
14:47 of 1st period - Wrist shot by Olli Maatta.
14:47 of 1st period - Stopped by Rick DiPietro with a rebound.
15:21 of 1st period - Snap shot by Tyler Kennedy.
15:21 of 1st period - Shot Misses the Net.
15:31 of 1st period - Wrist shot by Cody Eakin.
15:31 of 1st period - Stopped by Rick DiPietro with a rebound.
16:54 of 1st period - Jeremy Morin is hit by Cam Fowler and loses puck.
17:07 of 1st period - Snap shot by Tyler Kennedy.
17:07 of 1st period - Deflect By Pavel Datsyuk.
17:07 of 1st period - Stopped by Kari Lehtonen with a rebound.
17:37 of 1st period - Backhand shot by Pavel Datsyuk.
17:37 of 1st period - Shot Misses the Net.
17:47 of 1st period - Wrist shot by Pavel Datsyuk.
17:47 of 1st period - Stopped by Kari Lehtonen without a rebound.
17:48 of 1st period - Tyler Seguin wins face-off versus Loui Eriksson in Canucks zone.
17:51 of 1st period - Snap shot by Tyler Seguin.
17:51 of 1st period - Shot Misses the Net.
17:59 of 1st period - Rob Scuderi is hit by Daniel Sedin and loses puck.
18:04 of 1st period - Wrist shot by Robert Nilsson.
18:04 of 1st period - Shot Misses the Net.
18:23 of 1st period - Snap shot by Artemi Panarin.
18:23 of 1st period - Deflect By Andy Rogers.
18:23 of 1st period - Stopped by Kari Lehtonen with a rebound.
18:25 of 1st period - Slapshot by Branislav Mezei.
18:25 of 1st period - Stopped by Kari Lehtonen with a rebound.
18:31 of 1st period - Wrist shot by Tyler Seguin.
18:31 of 1st period - Stopped by Kari Lehtonen without a rebound.
18:32 of 1st period - Robert Nilsson wins face-off versus Cody Hodgson in Canucks zone.
19:13 of 1st period - Andy Rogers is hit by Brandon Bollig and loses puck.
19:52 of 1st period - Ryan Wilson is hit by Ryane Clowe and loses puck.
19:59 of 1st period - Wrist shot by Brad Boyes.
19:59 of 1st period - Shot Misses the Net.
Goals for this period are 1 for Blue Jackets vs 0 for Canucks.
Shots for this period are 12 for Blue Jackets vs 8 for Canucks.
2nd period
0:01 of 2nd period - Robert Nilsson wins face-off versus Tyler Seguin in neutral zone.
0:29 of 2nd period - Wrist shot by Ryane Clowe.
0:29 of 2nd period - Stopped by Rick DiPietro without a rebound.
0:30 of 2nd period - Brad Boyes wins face-off versus Max Pacioretty in Blue Jackets zone.
0:35 of 2nd period - Slapshot by Brad Boyes.
0:35 of 2nd period - Stopped by Rick DiPietro with a rebound.
0:41 of 2nd period - Snap shot by Brad Boyes.
0:41 of 2nd period - Stopped by Rick DiPietro with a rebound.
0:45 of 2nd period - Wrist shot by James Wright.
0:45 of 2nd period - Stopped by Rick DiPietro with a rebound.
1:06 of 2nd period - Backhand shot by Artemi Panarin.
1:06 of 2nd period - Goal by Artemi Panarin - Blue Jackets : 2 - Canucks : 0.
1:07 of 2nd period - Robert Nilsson wins face-off versus Tyler Seguin in neutral zone.
1:14 of 2nd period - Slapshot by Robert Nilsson.
1:14 of 2nd period - Stopped by Rick DiPietro without a rebound.
1:15 of 2nd period - Tyler Seguin wins face-off versus Robert Nilsson in Blue Jackets zone.
1:46 of 2nd period - Slapshot by Devin Setoguchi.
1:46 of 2nd period - Stopped by Kari Lehtonen without a rebound.
1:47 of 2nd period - James Wright wins face-off versus Cody Hodgson in Canucks zone.
2:32 of 2nd period - Snap shot by James Wright.
2:32 of 2nd period - Shot Misses the Net.
2:34 of 2nd period - Slapshot by Ladislav Smid.
2:34 of 2nd period - Shot Misses the Net.
2:48 of 2nd period - Snap shot by Brad Boyes.
2:48 of 2nd period - Shot Misses the Net.
2:58 of 2nd period - Snap shot by James Wright.
2:58 of 2nd period - Shot Blocked by Dalton Prout.
3:00 of 2nd period - Slapshot by Kurtis Foster.
3:00 of 2nd period - Stopped by Rick DiPietro with a rebound.
3:02 of 2nd period - Snap shot by Brad Boyes.
3:02 of 2nd period - Stopped by Rick DiPietro without a rebound.
3:03 of 2nd period - Cody Hodgson wins face-off versus Loui Eriksson in Blue Jackets zone.
3:05 of 2nd period - Minor Penalty to Martin Havlat for Hooking.
3:06 of 2nd period - Tyler Seguin wins face-off versus Robert Nilsson in Blue Jackets zone.
3:19 of 2nd period - Icing by Loui Eriksson.
3:20 of 2nd period - Tyler Seguin wins face-off versus Robert Nilsson in Canucks zone.
3:42 of 2nd period - Wrist shot by Robert Nilsson.
3:42 of 2nd period - Stopped by Rick DiPietro with a rebound.
3:44 of 2nd period - Slapshot by Ladislav Smid.
3:44 of 2nd period - Shot Blocked by Mike Lundin.
3:46 of 2nd period - Snap shot by Robert Nilsson.
3:46 of 2nd period - Shot Misses the Net.
3:48 of 2nd period - Wrist shot by Daniel Sedin.
3:48 of 2nd period - Stopped by Rick DiPietro without a rebound.
3:49 of 2nd period - Tyler Seguin wins face-off versus Cody Eakin in Blue Jackets zone.
4:16 of 2nd period - Loui Eriksson is hit by Max Pacioretty and loses puck.
4:23 of 2nd period - Wrist shot by Max Pacioretty.
4:23 of 2nd period - Shot Hit the Post.
4:25 of 2nd period - Slapshot by Cam Fowler.
4:25 of 2nd period - Shot Blocked by Mike Komisarek.
4:27 of 2nd period - Snap shot by Mike Lundin.
4:27 of 2nd period - Shot Blocked by Robert Nilsson.
4:54 of 2nd period - Loui Eriksson is hit by Cam Fowler and loses puck.
5:01 of 2nd period - Cam Fowler is hit by Daniel Sedin and loses puck.
5:05 of 2nd period - Penalty to Martin Havlat is over, Martin Havlat is back on ice.
5:20 of 2nd period - Slapshot by James Wright.
5:20 of 2nd period - Stopped by Rick DiPietro with a rebound.
6:02 of 2nd period - Slapshot by Eric Wellwood.
6:02 of 2nd period - Stopped by Kari Lehtonen without a rebound.
6:03 of 2nd period - Rob Schremp wins face-off versus Tyler Seguin in Canucks zone.
7:28 of 2nd period - Snap shot by Cody Eakin.
7:28 of 2nd period - Stopped by Rick DiPietro with a rebound.
8:21 of 2nd period - Minor Penalty to Jason Akeson for Interference.
8:22 of 2nd period - Martin Havlat wins face-off versus Robert Nilsson in Canucks zone.
8:47 of 2nd period - Robert Nilsson is hit by Artemi Panarin and loses puck.
9:20 of 2nd period - Snap shot by Martin Havlat.
9:20 of 2nd period - Shot Blocked by Mike Komisarek.
9:22 of 2nd period - Wrist shot by Tyler Seguin.
9:22 of 2nd period - Stopped by Kari Lehtonen with a rebound.
10:21 of 2nd period - Penalty to Jason Akeson is over, Jason Akeson is back on ice.
10:35 of 2nd period - Snap shot by Cody Eakin.
10:35 of 2nd period - Shot Blocked by Rob Scuderi.
10:37 of 2nd period - Wrist shot by Cody Eakin.
10:37 of 2nd period - Stopped by Rick DiPietro with a rebound.
10:51 of 2nd period - Wrist shot by James Wright.
10:51 of 2nd period - Shot Misses the Net.
11:07 of 2nd period - Wrist shot by Tyler Kennedy.
11:07 of 2nd period - Deflect By Eric Wellwood.
11:07 of 2nd period - Shot Misses the Net.
11:07 of 2nd period - Puck is out of play.
11:08 of 2nd period - Robert Nilsson wins face-off versus Pavel Datsyuk in Canucks zone.
11:19 of 2nd period - Snap shot by Robert Nilsson.
11:19 of 2nd period - Stopped by Rick DiPietro without a rebound.
11:20 of 2nd period - Robert Nilsson wins face-off versus Tyler Seguin in Blue Jackets zone.
11:23 of 2nd period - Snap shot by Robert Nilsson.
11:23 of 2nd period - Shot Misses the Net.
11:25 of 2nd period - Slapshot by Ladislav Smid.
11:25 of 2nd period - Shot Blocked by Tyler Seguin.
11:37 of 2nd period - Slapshot by Artemi Panarin.
11:37 of 2nd period - Shot Blocked by Ladislav Smid.
12:15 of 2nd period - Branislav Mezei is hit by Ladislav Smid and loses puck.
12:22 of 2nd period - Snap shot by Brad Boyes.
12:22 of 2nd period - Stopped by Rick DiPietro with a rebound.
12:36 of 2nd period - Snap shot by Jason Akeson.
12:36 of 2nd period - Shot Blocked by Eric Wellwood.
13:01 of 2nd period - Icing by Kurtis Foster.
13:02 of 2nd period - Robert Nilsson wins face-off versus Tyler Seguin in Canucks zone.
13:35 of 2nd period - Snap shot by Devin Setoguchi.
13:35 of 2nd period - Shot Misses the Net.
13:37 of 2nd period - Snap shot by Tyler Seguin.
13:37 of 2nd period - Shot Misses the Net.
13:51 of 2nd period - Slapshot by Artemi Panarin.
13:51 of 2nd period - Stopped by Kari Lehtonen without a rebound.
13:52 of 2nd period - Cody Eakin wins face-off versus Cody Hodgson in Canucks zone.
13:52 of 2nd period - Cody Eakin is hit by Max Pacioretty.
14:06 of 2nd period - Snap shot by Cody Eakin.
14:06 of 2nd period - Goal by Cody Eakin - Blue Jackets : 2 - Canucks : 1.
14:07 of 2nd period - Cody Hodgson wins face-off versus Robert Nilsson in neutral zone.
14:34 of 2nd period - Jeremy Morin is hit by Tyler Seguin and loses puck.
14:43 of 2nd period - Mike Lundin is hit by Jeremy Morin and loses puck.
15:07 of 2nd period - Wrist shot by Eric Wellwood.
15:07 of 2nd period - Deflect By Pavel Datsyuk.
15:07 of 2nd period - Stopped by Kari Lehtonen without a rebound.
15:08 of 2nd period - Cody Hodgson wins face-off versus Rob Schremp in Canucks zone.
15:19 of 2nd period - Andy Rogers is hit by Rob Scuderi and loses puck.
15:31 of 2nd period - Icing by Andy Rogers.
15:32 of 2nd period - Tyler Seguin wins face-off versus Rob Schremp in Canucks zone.
15:37 of 2nd period - Wrist shot by Devin Setoguchi.
15:37 of 2nd period - Stopped by Kari Lehtonen with a rebound.
15:39 of 2nd period - Snap shot by Artemi Panarin.
15:39 of 2nd period - Stopped by Kari Lehtonen with a rebound.
15:41 of 2nd period - Slapshot by Ryan Wilson.
15:41 of 2nd period - Shot Blocked by Jason Akeson.
16:04 of 2nd period - Snap shot by Brandon Bollig.
16:04 of 2nd period - Stopped by Kari Lehtonen without a rebound.
16:05 of 2nd period - Christian Hanson wins face-off versus Robert Nilsson in Canucks zone.
16:06 of 2nd period - Wrist shot by Andreas Nodl.
16:06 of 2nd period - Stopped by Kari Lehtonen with a rebound.
16:12 of 2nd period - Wrist shot by Loui Eriksson.
16:12 of 2nd period - Goal by Loui Eriksson - Blue Jackets : 2 - Canucks : 2.
16:13 of 2nd period - Robert Nilsson wins face-off versus Tyler Seguin in neutral zone.
16:15 of 2nd period - Off-side.
16:16 of 2nd period - Robert Nilsson wins face-off versus Tyler Seguin in neutral zone.
16:19 of 2nd period - Slapshot by Andy Rogers.
16:19 of 2nd period - Stopped by Rick DiPietro without a rebound.
16:20 of 2nd period - Robert Nilsson wins face-off versus Tyler Seguin in Blue Jackets zone.
16:42 of 2nd period - Minor Penalty to Mike Lundin for Holding.
16:43 of 2nd period - Tyler Seguin wins face-off versus Robert Nilsson in Blue Jackets zone.
16:52 of 2nd period - Slapshot by Ladislav Smid.
16:52 of 2nd period - Goal by Ladislav Smid - Blue Jackets : 2 - Canucks : 3.
16:53 of 2nd period - Cody Hodgson wins face-off versus Robert Nilsson in neutral zone.
17:00 of 2nd period - Max Pacioretty is hit by Daniel Sedin and loses puck.
17:08 of 2nd period - Icing by Cody Hodgson.
17:09 of 2nd period - Cody Eakin wins face-off versus Cody Hodgson in Blue Jackets zone.
17:56 of 2nd period - Wrist shot by Max Pacioretty.
17:56 of 2nd period - Stopped by Kari Lehtonen with a rebound.
18:22 of 2nd period - Wrist shot by Martin Havlat.
18:22 of 2nd period - Stopped by Kari Lehtonen without a rebound.
18:23 of 2nd period - Tyler Seguin wins face-off versus Robert Nilsson in Canucks zone.
18:40 of 2nd period - Wrist shot by Robert Nilsson.
18:40 of 2nd period - Deflect By Dalton Prout.
18:40 of 2nd period - Shot Hit the Post.
18:40 of 2nd period - Puck is out of play.
18:41 of 2nd period - Pavel Datsyuk wins face-off versus Cody Eakin in Blue Jackets zone.
18:43 of 2nd period - Minor Penalty to Rob Scuderi for Interference.
18:44 of 2nd period - Robert Nilsson wins face-off versus Artemi Panarin in Blue Jackets zone.
18:52 of 2nd period - Daniel Sedin is hit by Cam Fowler and loses puck.
19:17 of 2nd period - Slapshot by Andy Rogers.
19:17 of 2nd period - Shot Misses the Net.
19:51 of 2nd period - Mike Komisarek is hit by Dalton Prout.
Goals for this period are 1 for Blue Jackets vs 3 for Canucks.
Shots for this period are 12 for Blue Jackets vs 18 for Canucks.
3rd period
0:01 of 3rd period - Tyler Seguin wins face-off versus Robert Nilsson in neutral zone.
0:12 of 3rd period - Snap shot by Ladislav Smid.
0:12 of 3rd period - Stopped by Rick DiPietro with a rebound.
0:14 of 3rd period - Wrist shot by Daniel Sedin.
0:14 of 3rd period - Stopped by Rick DiPietro without a rebound.
0:15 of 3rd period - Robert Nilsson wins face-off versus Tyler Seguin in Blue Jackets zone.
0:43 of 3rd period - Penalty to Rob Scuderi is over, Rob Scuderi is back on ice.
0:46 of 3rd period - Wrist shot by Jeremy Morin.
0:46 of 3rd period - Shot Misses the Net.
2:05 of 3rd period - Icing by Branislav Mezei.
2:06 of 3rd period - Cody Eakin wins face-off versus Cody Hodgson in Blue Jackets zone.
2:35 of 3rd period - Snap shot by Brad Boyes.
2:35 of 3rd period - Stopped by Rick DiPietro with a rebound.
2:49 of 3rd period - Slapshot by Cody Hodgson.
2:49 of 3rd period - Shot Misses the Net.
2:51 of 3rd period - Snap shot by Branislav Mezei.
2:51 of 3rd period - Shot Misses the Net.
2:53 of 3rd period - Wrist shot by Max Pacioretty.
2:53 of 3rd period - Shot Hit the Post.
2:55 of 3rd period - Slapshot by Cody Hodgson.
2:55 of 3rd period - Shot Misses the Net.
3:05 of 3rd period - Snap shot by Max Pacioretty.
3:05 of 3rd period - Shot Misses the Net.
3:07 of 3rd period - Snap shot by Max Pacioretty.
3:07 of 3rd period - Shot Misses the Net.
3:09 of 3rd period - Slapshot by Ryan Wilson.
3:09 of 3rd period - Shot Blocked by Jonathan Blum.
3:11 of 3rd period - Snap shot by Martin Havlat.
3:11 of 3rd period - Stopped by Kari Lehtonen with a rebound.
3:13 of 3rd period - Snap shot by Max Pacioretty.
3:13 of 3rd period - Stopped by Kari Lehtonen with a rebound.
3:17 of 3rd period - Slapshot by Martin Havlat.
3:17 of 3rd period - Shot Blocked by Jonathan Blum.
3:19 of 3rd period - Snap shot by Martin Havlat.
3:19 of 3rd period - Stopped by Kari Lehtonen without a rebound.
3:20 of 3rd period - Robert Nilsson wins face-off versus Tyler Seguin in Canucks zone.
3:22 of 3rd period - Minor Penalty to Loui Eriksson for Slashing.
3:23 of 3rd period - Robert Nilsson wins face-off versus Tyler Seguin in Canucks zone.
5:13 of 3rd period - Andy Rogers is hit by Tyler Kennedy and loses puck.
5:22 of 3rd period - Penalty to Loui Eriksson is over, Loui Eriksson is back on ice.
5:36 of 3rd period - Snap shot by Rob Schremp.
5:36 of 3rd period - Stopped by Rick DiPietro with a rebound.
6:00 of 3rd period - Wrist shot by James Wright.
6:00 of 3rd period - Goal by James Wright - Blue Jackets : 2 - Canucks : 4.
6:01 of 3rd period - Tyler Seguin wins face-off versus Cody Eakin in neutral zone.
6:08 of 3rd period - Snap shot by Tyler Seguin.
6:08 of 3rd period - Stopped by Kari Lehtonen without a rebound.
6:09 of 3rd period - Cody Eakin wins face-off versus Tyler Seguin in Canucks zone.
6:14 of 3rd period - Slapshot by Ladislav Smid.
6:14 of 3rd period - Deflect By Jordin Tootoo.
6:14 of 3rd period - Stopped by Rick DiPietro without a rebound.
6:15 of 3rd period - Daniel Sedin wins face-off versus Devin Setoguchi in Blue Jackets zone.
6:50 of 3rd period - Snap shot by Cody Hodgson.
6:50 of 3rd period - Deflect By Martin Havlat.
6:50 of 3rd period - Shot Misses the Net.
6:50 of 3rd period - Puck is out of play.
6:51 of 3rd period - Tyler Seguin wins face-off versus Cody Eakin in Canucks zone.
6:59 of 3rd period - Slapshot by Dalton Prout.
6:59 of 3rd period - Shot Misses the Net.
7:01 of 3rd period - Wrist shot by Artemi Panarin.
7:01 of 3rd period - Shot Blocked by Jeremy Morin.
7:03 of 3rd period - Wrist shot by Tyler Seguin.
7:03 of 3rd period - Shot Blocked by Mike Komisarek.
7:05 of 3rd period - Wrist shot by Tyler Seguin.
7:05 of 3rd period - Shot Blocked by Kurtis Foster.
7:07 of 3rd period - Wrist shot by Artemi Panarin.
7:07 of 3rd period - Deflect By Devin Setoguchi.
7:07 of 3rd period - Shot Blocked by Jordin Tootoo.
7:07 of 3rd period - Puck is out of play.
7:08 of 3rd period - Robert Nilsson wins face-off versus Cody Hodgson in Canucks zone.
7:43 of 3rd period - Minor Penalty to Devin Setoguchi for High sticking.
7:44 of 3rd period - Tyler Seguin wins face-off versus Robert Nilsson in Blue Jackets zone.
7:44 of 3rd period - Tyler Seguin is hit by Loui Eriksson.
8:58 of 3rd period - Icing by Daniel Sedin.
8:59 of 3rd period - Eric Wellwood wins face-off versus Robert Nilsson in Canucks zone.
9:43 of 3rd period - Penalty to Devin Setoguchi is over, Devin Setoguchi is back on ice.
9:58 of 3rd period - Snap shot by Brad Boyes.
9:58 of 3rd period - Stopped by Rick DiPietro without a rebound.
9:59 of 3rd period - James Wright wins face-off versus Pavel Datsyuk in Blue Jackets zone.
10:08 of 3rd period - Wrist shot by Brad Boyes.
10:08 of 3rd period - Deflect By Ryane Clowe.
10:08 of 3rd period - Stopped by Rick DiPietro without a rebound.
10:09 of 3rd period - Robert Nilsson wins face-off versus Cody Hodgson in Blue Jackets zone.
10:17 of 3rd period - Icing by Cody Hodgson.
10:18 of 3rd period - Cody Hodgson wins face-off versus Robert Nilsson in Blue Jackets zone.
10:31 of 3rd period - Slapshot by Cody Hodgson.
10:31 of 3rd period - Shot Misses the Net.
10:36 of 3rd period - Andy Rogers is hit by Max Pacioretty and loses puck.
10:58 of 3rd period - Minor Penalty to Martin Havlat for Hooking.
10:59 of 3rd period - Tyler Seguin wins face-off versus Cody Eakin in Blue Jackets zone.
11:42 of 3rd period - Slapshot by Cody Hodgson.
11:42 of 3rd period - Shot Misses the Net.
11:44 of 3rd period - Snap shot by Cody Hodgson.
11:44 of 3rd period - Stopped by Kari Lehtonen without a rebound.
11:44 of 3rd period - Minor Penalty to Kari Lehtonen for Delaying the game.
11:45 of 3rd period - Tyler Seguin wins face-off versus Robert Nilsson in Canucks zone.
12:00 of 3rd period - Snap shot by Tyler Seguin.
12:00 of 3rd period - Stopped by Kari Lehtonen with a rebound.
12:02 of 3rd period - Snap shot by Tyler Seguin.
12:02 of 3rd period - Shot Misses the Net.
12:58 of 3rd period - Penalty to Martin Havlat is over, Martin Havlat is back on ice.
13:02 of 3rd period - Snap shot by Cam Fowler.
13:02 of 3rd period - Stopped by Kari Lehtonen with a rebound.
13:44 of 3rd period - Penalty to Mike Komisarek is over, Mike Komisarek is back on ice.
13:58 of 3rd period - Mike Komisarek is hit by Martin Havlat and loses puck.
14:10 of 3rd period - Minor Penalty to Andy Rogers for High sticking.
14:11 of 3rd period - Tyler Seguin wins face-off versus Robert Nilsson in Canucks zone.
14:54 of 3rd period - Artemi Panarin is hit by Brad Boyes and loses puck.
15:31 of 3rd period - Rob Schremp is hit by Rob Scuderi and loses puck.
16:05 of 3rd period - Off-side.
16:06 of 3rd period - Pavel Datsyuk wins face-off versus Rob Schremp in neutral zone.
16:09 of 3rd period - Slapshot by Dalton Prout.
16:09 of 3rd period - Shot Blocked by Jonathan Blum.
16:10 of 3rd period - Penalty to Andy Rogers is over, Andy Rogers is back on ice.
18:36 of 3rd period - Mike Lundin is hit by Jonathan Blum and loses puck.
18:46 of 3rd period - Icing by Andreas Nodl.
18:47 of 3rd period - Christian Hanson wins face-off versus Cody Eakin in Blue Jackets zone.
18:52 of 3rd period - Wrist shot by Jeremy Morin.
18:52 of 3rd period - Shot Misses the Net.
19:04 of 3rd period - Slapshot by Jordin Tootoo.
19:04 of 3rd period - Stopped by Rick DiPietro with a rebound.
19:16 of 3rd period - Tyler Kennedy is hit by Brad Boyes and loses puck.
Goals for this period are 0 for Blue Jackets vs 1 for Canucks.
Shots for this period are 7 for Blue Jackets vs 9 for Canucks.
Output by the SimonT Hockey Simulator (STHS) for Francois Prevost